 Dungeon Crawl Stone Soup version 0.31-a0-261-g072fdb8a1f (webtiles) character file.

Game seed: 15153265611694060791

39777 gruber the Brawler (level 13, -12/131 HPs)
             Began as a Troll Shapeshifter on July 13, 2023.
             Was a Priest of Uskayaw.
             Mangled by an alligator simulacrum (33 damage)
             ... in an ice cave.
             The game lasted 00:18:55 (12034 turns).

gruber the Brawler (Troll Shapeshifter)            Turns: 12034, Time: 00:18:55

Health: -12/131    AC:  9    Str: 33    XL:     13   Next: 71%
Magic:  12/12      EV: 12    Int:  4    God:    Uskayaw [***...]
Gold:   1839       SH:  0    Dex: 10    Spells: 12/12 levels left

rFire   . .          .
                       - Unarmed
rCold   . . .        (no shield)
rNeg    . . .        M - melded +0 acid dragon scales
rPois   .            (helmet restricted)
rElec   .            L - +2 cloak
rCorr   .            (gloves unavailable)
SInv    .            (boots unavailable)
Will    .....        (no amulet)
Stlth   +            n - +4 ring of protection
HPRegen 1.21/turn    v - ring of Onkejoife {Wiz Str+3}
MPRegen 0.13/turn

%: wizardry (x1)
@: maw-form, slowed, very slow
A: devouring maw, large, unfitting armour, claws 3, regeneration 1, shaggy fur
1, tough skin 1
a: Begin Untransformation, Renounce Religion, Stomp, Line Pass


You were in an ice cave.
You worshipped Uskayaw.
Uskayaw was noncommittal.
You were a creature with a mouth for a stomach.
You visited 3 branches of the dungeon, and saw 17 of its levels.
You also visited: Bailey and Ice Cave.

You collected 1839 gold pieces.

Inventory:

Hand Weapons
 O - a +4 scimitar of flaming
Missiles
 m - 51 poisoned darts (quivered)
 s - a throwing net
Armour
 L - a +2 cloak (worn)
 M - +0 acid dragon scales (melded)
Jewellery
 n - a +4 ring of protection (left claw)
 v - the ring of Onkejoife (right claw) {Wiz Str+3}
   (You found it on level 10 of the Dungeon)

   [ring of wizardry]

   It improves your spell success rate.
   Str:       It affects your strength (+3).
 K - a ring of willpower
Talismans
 c - a beast talisman
 e - a maw talisman
Wands
 w - a wand of quicksilver (17)
 x - a wand of paralysis (16)
 y - a wand of flame (17)
 J - a wand of digging (8)
 N - a wand of iceblast (4)
 Q - a wand of polymorph (2)
Scrolls
 g - 6 scrolls of fear {unknown}
 i - 3 scrolls of immolation {unknown}
 j - 11 scrolls of identify {unknown}
 l - a scroll of vulnerability {unknown}
 o - 2 scrolls of revelation {unknown}
 p - 10 scrolls of teleportation {unknown}
 r - 7 scrolls of amnesia {unknown}
 t - 2 scrolls of poison {unknown}
 u - a scroll of torment {unknown}
 C - 2 scrolls of brand weapon {unknown}
 D - 2 scrolls of enchant weapon {unknown}
 E - 3 scrolls of enchant armour {unknown}
 H - a scroll of summoning {unknown}
 I - 2 scrolls of noise {unknown}
Potions
 a - a potion of magic {unknown}
 b - a potion of lignification
 d - 7 potions of curing {unknown}
 f - 2 potions of brilliance {unknown}
 h - a potion of might {unknown}
 k - 4 potions of degeneration {unknown}
 q - 4 potions of cancellation {unknown}
 z - 2 potions of attraction {unknown}
 A - 5 potions of haste {unknown}
 B - a potion of resistance {unknown}
 F - 2 potions of enlightenment {unknown}
 G - 4 potions of berserk rage {unknown}
 P - 2 potions of ambrosia {unknown}


   Skills:
 - Level 9.2 Fighting
 * Level 9.3 Dodging
 - Level 15.0 Unarmed Combat
 - Level 10.2 Shapeshifting


You had 12 spell levels left.
You didn't know any spells.
Your spell library contained the following spells:

 Spells                   Type           Power      Damage    Failure   Level
 Freeze                   Ice            0%         1d3       22%         1
 Shock                    Conj/Air       0%         1d3       22%         1
 Blink                    Tloc           0%         N/A       32%         2
 Cigotuvi's Dreadful Rot  Necr/Pois/Air  0%         N/A       32%         2
 Ensorcelled Hibernation  Hex/Ice        0%         N/A       32%         2
 Lesser Beckoning         Tloc           0%         N/A       32%         2
 Momentum Strike          Conj/Tloc      0%         3d8       32%         2
 Call Canine Familiar     Summ           0%         N/A       52%         3
 Dazzling Flash           Conj/Hex       0%         N/A       52%         3
 Portal Projectile        Hex/Tloc       0%         N/A       52%         3
 Stone Arrow              Conj/Erth      0%         3d7       52%         3
 Swiftness                Air            0%         N/A       52%         3
 Volatile Blastmotes      Fire/Tloc      0%         2d10      52%         3
 Airstrike                Air            0%         2d(0-16)  89%         4
 Animate Armour           Summ/Erth      0%         N/A       89%         4
 Fulminant Prism          Conj/Hex       0%         3d5       89%         4
 Iskenderun's Mystic Bla  Conj/Tloc      0%         2d3       89%         4
 Leda's Liquefaction      Hex/Erth       0%         N/A       89%         4
 Conjure Ball Lightning   Conj/Air       0%         3x3d6     100%        6
 Starburst                Conj/Fire      0%         6d3       100%        6
 Discord                  Hex            0%         N/A       100%        8
 Disjunction              Tloc           0%         N/A       100%        8
 Lehudib's Crystal Spear  Conj/Erth      0%         10d2      100%        8
 Maxwell's Capacitive Co  Air            0%         ∞         100%        8


Dungeon Overview and Level Annotations

Branches:
Dungeon (14/15)            Temple (1/1) D:6            Lair (2/5) D:11
    Orc (0/2) D:12         Vaults (0/5) D:14         Bailey (visited)
  IceCv (1/1)
  Swamp: Lair:2-3    Shoals: Lair:2-3     Snake: Lair:2-3    Spider: Lair:2-3

Altars:
Ashenzari
Cheibriados
Dithmenos
Elyvilon
Fedhas
Gozag
Hepliaklqana
Kikubaaqudgha
Makhleb
Nemelex Xobeh
Okawaru
Qazlal
Ru
Sif Muna
Trog
Uskayaw
Vehumet
Wu Jian
Xom
Yredelemnul
Zin
The Shining One

Annotations:
D:2 1 runed translucent door, Crazy Yiuf
D:10 exclusion: 2 oklob saplings
D:13 exclusion: orange crystal statue


Innate Abilities, Weirdness & Mutations

You are a creature with a mouth for a stomach.
Your midsection houses a second, enormous mouth.
You are too large for most types of armour.
You have claws for hands.
Your natural rate of healing is unusually fast.
You are covered in fur. (AC +1)
You have tough skin. (AC +1)


Message History

There is an ice covered gate leading back out of this place here.
You eviscerate the anaconda simulacrum!!!
The anaconda simulacrum vaporises!
You swing at nothing.
You claw the freezing wraith!
The freezing wraith is moderately damaged.
The freezing wraith closely misses you.
The freezing wraith hits you but does no damage.
You can now pass through a line of other dancers.
You mangle the freezing wraith!! Your bite misses the freezing wraith.
The freezing wraith is almost destroyed.
You scratch the freezing wraith.
You bite the freezing wraith, but do no damage.
The freezing wraith is almost destroyed.
The freezing wraith hits you! The freezing wraith freezes you!!
The freezing wraith hits you. The freezing wraith drains your vigour!
You feel yourself slow down. The alligator simulacrum bites you.
The alligator simulacrum freezes you!
The alligator simulacrum tail-slaps you but does no damage.
Uskayaw will force your foes to helplessly watch your dance.
Uskayaw prepares the audience for your solo!
The helpless freezing wraith fails to defend itself.
You mangle the freezing wraith!!
You destroy the freezing wraith!
The alligator simulacrum is no longer paralysed. x2
The alligator simulacrum bites you. The alligator simulacrum freezes you!
The alligator simulacrum tail-slaps you.
The alligator simulacrum freezes you!!
Unknown command.
You mangle the alligator simulacrum!!
You bite the alligator simulacrum, but do no damage.
The alligator simulacrum is almost destroyed.
The alligator simulacrum barely misses you.
The alligator simulacrum tail-slaps you.
The alligator simulacrum freezes you!!
* * * LOW HITPOINT WARNING * * *
The alligator simulacrum bites you.
* * * LOW HITPOINT WARNING * * *
The alligator simulacrum freezes you!!
You die...

#####
##...##
##..W..##
#..Z.Z..#
#...∩...#
##.....##
##...##
#...#
##...
#...#
...##


You could see 2 alligator simulacra.

Vanquished Creatures
  Frances (D:13)
  A rakshasa (D:14)
  4 two-headed ogres
  3 centaur warriors (D:13)
  12 death yaks
  Erica (D:8)
  2 boulder beetles
  Urug (D:12)
  Lodul (D:13)
  Pikel (D:6)
  A deep elf pyromancer (D:12)
  A deep elf zephyrmancer (D:14)
  2 cyclopes
  Joseph (Lair:1)
  2 gargoyles
  A cane toad (Lair:1)
  3 komodo dragons (Lair:1)
  A freezing wraith (IceCv)
  A tengu conjurer (D:13)
  2 efreet
  A komodo dragon (shapeshifter) (D:13)
  An anaconda simulacrum (IceCv)
  A polar bear (Lair:1)
  5 trolls
  4 hornets
  Grinder (D:5)
  11 blink frogs (Lair:1)
  Sigmund (D:3)
  11 slime creatures
  2 vampires
  2 wraiths
  10 yaks
  A shadow (D:13)
  A wyvern (D:8)
  2 basilisks (D:13)
  A steam dragon (Lair:1)
  Menkaure (D:4)
  5 vampire mosquitoes
  Edmund (D:6)
  2 acid dragons
  10 water moccasins
  8 orc warriors
  2 sky beasts
  5 ice beasts
  8 ogres
  5 wolves (Lair:1)
  11 centaurs
  3 phantoms
  A lemure (D:6)
  Blork the orc (D:6)
  8 kobold brigands
  4 bullfrogs
  A gnoll sergeant (D:7)
  5 scorpions
  11 wights
  15 killer bees
  2 howler monkeys
  6 orc priests
  8 hounds
  5 jellies
  2 sleepcaps (D:7)
  4 iguanas
  Ijyb (D:5)
  18 orc wizards
  12 gnolls
  9 adders
  2 shadow imps
  A white imp (D:7)
  An ufetubus (D:7)
  2 dart slugs
  A worm (D:4)
  39 orcs
  8 endoplasms
  2 giant cockroaches
  9 goblins
  7 hobgoblins
  34 kobolds
  3 quokkas
  10 ball pythons
  9 bats
  3 frilled lizards
  9 rats
411 creatures vanquished.

Notes
Turn   | Place    | Note
-------+----------+-------------------------------------------
     0 | D:1      | gruber the Troll Shapeshifter began the quest for the Orb.
     0 | D:1      | Reached XP level 1. HP: 19/19 MP: 0/0
   134 | D:1      | Reached XP level 2. HP: 27/27 MP: 1/1
   215 | D:1      | Reached skill level 3 in Unarmed Combat
   731 | D:1      | Reached XP level 3. HP: 27/33 MP: 2/2
   828 | D:2      | Found a faded altar of an unknown god.
  1008 | D:2      | Reached skill level 4 in Unarmed Combat
  1440 | D:2      | Found a runed translucent door.
  1441 | D:2      | Noticed Crazy Yiuf
  1693 | D:3      | Reached XP level 4. HP: 41/41 MP: 3/3
  1720 | D:3      | Noticed Sigmund
  1759 | D:3      | Killed Sigmund
  1760 | D:3      | Reached skill level 6 in Unarmed Combat
  1760 | D:3      | Reached XP level 5. HP: 22/48 MP: 4/4
  1865 | D:3      | Reached XP level 6. HP: 42/55 MP: 5/5
  2547 | D:4      | Noticed Menkaure
  2552 | D:4      | Killed Menkaure
  2553 | D:4      | Reached skill level 7 in Unarmed Combat
  2789 | D:4      | Identified the +2 helmet of the Valley {Str+3}
  3036 | D:5      | Entered Level 5 of the Dungeon
  3073 | D:5      | Reached XP level 7. HP: 36/62 MP: 6/6
  3171 | D:5      | Reached skill level 8 in Unarmed Combat
  3293 | D:5      | Noticed Ijyb
  3300 | D:5      | Killed Ijyb
  3338 | D:5      | Reached skill level 9 in Unarmed Combat
  3390 | D:5      | Noticed Grinder
  3402 | D:5      | Killed Grinder
  3403 | D:5      | Reached XP level 8. HP: 56/70 MP: 7/7
  3694 | D:5      | Reached skill level 10 in Unarmed Combat
  3834 | D:6      | Noticed Blork the orc
  3839 | D:6      | Killed Blork the orc
  3879 | D:6      | Noticed Pikel
  3900 | D:6      | Killed Pikel
  3901 | D:6      | Reached skill level 5 in Fighting
  3901 | D:6      | Reached XP level 9. HP: 55/88 MP: 8/8
  4167 | D:6      | Found a staircase to the Ecumenical Temple.
  4299 | Temple   | Entered the Ecumenical Temple
  4595 | Temple   | Became a worshipper of Uskayaw the Reveller
  4787 | D:6      | Found a sparkling altar of Nemelex Xobeh.
  4818 | D:6      | Noticed Edmund
  4825 | D:6      | Reached * piety under Uskayaw
  4827 | D:6      | Killed Edmund
  4827 | D:6      | Reached ** piety under Uskayaw
  5042 | D:7      | Reached *** piety under Uskayaw
  5045 | D:7      | Reached **** piety under Uskayaw
  5059 | D:7      | Reached ***** piety under Uskayaw
  5111 | D:7      | Identified the +7 flail of the Thing {elec, Drain rPois rN+
                  | Str+4}
  5233 | D:7      | Noticed a gargoyle
  5253 | D:7      | Killed a gargoyle
  5254 | D:7      | Reached XP level 10. HP: 6/107 MP: 2/9
  5737 | D:8      | Noticed Erica
  5741 | D:8      | Killed Erica
  5742 | D:8      | Reached skill level 5 in Dodging
  6223 | D:8      | Found an opulent altar of Gozag.
  6224 | D:8      | Found a shimmering blue altar of Sif Muna.
  6225 | D:8      | Found a bloodstained altar of Trog.
  6346 | D:9      | Found the +6 shillelagh "Devastator" {shatter}
  6541 | D:9      | Found a flagged portal.
  6553 | Bailey   | Entered a bailey
  6596 | Bailey   | Reached skill level 5 in Shapeshifting
  6716 | Bailey   | Reached XP level 11. HP: 115/115 MP: 10/10
  6796 | Bailey   | Found a bloodstained altar of Trog.
  7344 | D:10     | Entered Level 10 of the Dungeon
  7397 | D:10     | Found a shimmering altar of Xom.
  7556 | D:10     | Identified the ring of Onkejoife {Wiz Str+3}
  7833 | D:10     | Paralysed by a hornet for 1 turns
  7850 | D:10     | Paralysed by a hornet for 2 turns
  8190 | D:11     | Noticed a death yak
  8190 | D:11     | Noticed a death yak
  8203 | D:11     | Killed a death yak
  8217 | D:11     | Killed a death yak
  8219 | D:11     | Noticed a death yak
  8224 | D:11     | Noticed a death yak
  8224 | D:11     | Noticed a death yak
  8225 | D:11     | Noticed a death yak
  8227 | D:11     | Noticed a death yak
  8228 | D:11     | Noticed a death yak
  8230 | D:11     | Killed a death yak
  8233 | D:11     | Reached ****** piety under Uskayaw
  8235 | D:11     | Killed a death yak
  8241 | D:11     | Killed a death yak
  8242 | D:11     | Noticed a death yak
  8246 | D:11     | Killed a death yak
  8250 | D:11     | Killed a death yak
  8251 | D:11     | Reached skill level 10 in Shapeshifting
  8257 | D:11     | Killed a death yak
  8258 | D:11     | Reached XP level 12. HP: 123/123 MP: 5/11
  8264 | D:11     | Killed a death yak
  8520 | D:11     | Found a staircase to the Lair.
  8805 | Lair:1   | Entered Level 1 of the Lair of Beasts
  8846 | Lair:1   | Reached skill level 11 in Unarmed Combat
  8870 | Lair:1   | Identified the +2 pair of boots of Tender Moments {Str+3
                  | Int-2 Dex+3}
  9009 | Lair:1   | Reached skill level 12 in Unarmed Combat
  9162 | Lair:1   | Noticed a death yak
  9162 | Lair:1   | Noticed a death yak
  9162 | Lair:1   | Noticed a death yak
  9179 | Lair:1   | Noticed Joseph
  9180 | Lair:1   | Killed a death yak
  9184 | Lair:1   | Killed Joseph
  9186 | Lair:1   | Killed a death yak
  9187 | Lair:1   | Reached skill level 13 in Unarmed Combat
  9190 | Lair:1   | Killed a death yak
  9717 | Lair:2   | Noticed a five-headed hydra
 10054 | D:12     | Reached skill level 14 in Unarmed Combat
 10069 | D:12     | Found a staircase to the Orcish Mines.
 10074 | D:12     | Got the Papyrus of Unspeakable Magic and Freezing
 10153 | D:12     | Noticed Urug
 10158 | D:12     | Killed Urug
 10251 | D:12     | Noticed a boulder beetle
 10257 | D:12     | Killed a boulder beetle
 10258 | D:12     | Reached XP level 13. HP: 131/131 MP: 12/12
 10594 | D:13     | Noticed Lodul
 10622 | D:13     | Killed Lodul
 10623 | D:13     | Reached skill level 15 in Unarmed Combat
 11229 | D:13     | Noticed Frances
 11235 | D:13     | Killed Frances
 11946 | D:14     | Found a gate to the Vaults.
 12013 | D:14     | Found a frozen archway.
 12023 | IceCv    | Entered an ice cave
 12034 | IceCv    | Mangled by an alligator simulacrum

Illustrated notes

Levels and vault maps discovered:
D:1:      minmay_arrival_checkered_box, layout_basic
D:2:      layout_loops_ring, nicolae_ecumenical_pavilion,
          uniq_crazy_yiuf_cottage
D:3:      layout_loops_cross, hangedman_feature_mirror, uniq_sigmund
D:4:      layout_basic, uniq_menkaure
D:5:      layout_gridville, uniq_grinder, uniq_ijyb
D:6:      layout_basic, mainiacjoe_overflow_alcove_1, minmay_temple_entry_fiery,
          hex_medium, grunt_ministairs_13, uniq_pikel, uniq_edmund,
          uniq_blork_the_orc
D:7:      kennysheep_windowed_halls, layout_cave_pools,
          kennysheep_cross_bottleneck
D:8:      layout_loops_ring, chequers_temple_overflow_statue_of_worship,
          uniq_erica
D:9:      layout_basic, enter_bailey_4
D:10:     layout_rooms, dk_xom_monty_hall, introduction_to_nature_2
D:11:     layout_roguey, dpeg_lair_monsters
D:12:     layout_big_octagon, orc_0_dummy, uniq_urug
D:13:     layout_stronghold, minmay_statue_bubble, uniq_lodul, uniq_frances
D:14:     layout_loops_ring, david_vaults_1, portal_ice_cave_entry_pillars_four,
          amcnicky_mini_corridor_feature, nicolae_straight_to_the_point
Temple:   minmay_temple_bridge_d
Lair:1:   layout_regular_city, grunt_megastairs_4, uniq_joseph
Lair:2:   layout_loops_ring, nicolae_snake_entry_squirm
IceCv:    ice_cave_small_necro

Skill      XL: |  1  2  3  4  5  6  7  8  9 10 11 12 13 |
---------------+----------------------------------------+-----
Unarmed Combat | 3 4 6 7 9 10 14 15 | 15.0
Fighting       | 5 9 |  9.2
Dodging        | 6 9 |  9.3
Shapeshifting  | 5 10 | 10.2

Action                     |  1- 3 |  4- 6 |  7- 9 | 10-12 | 13-15 || total
---------------------------+-------+-------+-------+-------+-------++-------
  Melee: Unarmed           |    86 |    81 |   199 |   467 |   130 ||   963
         Punch             |       |     2 |    13 |    28 |    11 ||    54
         Maw               |       |       |       |    57 |    44 ||   101
  Throw: Dart              |       |     6 |     6 |    11 |     9 ||    32
 Invoke: Stomp             |       |       |     2 |     2 |       ||     4
Ability: Begin Untransform |       |     1 |       |       |       ||     1
  Evoke: Wand              |       |       |       |       |     1 ||     1
   Stab: Sleeping          |     1 |       |       |       |       ||     1
         Paralysed         |       |       |     2 |    30 |    11 ||    43
 Armour: Animal skin       |    30 |    39 |    62 |    87 |       ||   218
         Skin              |       |       |       |    29 |    47 ||    76
  Dodge: Dodged            |    28 |    37 |    55 |   194 |    70 ||   384
   Form: Beast             |       |     1 |       |     1 |       ||     2
                           |       |       |       |     1 |       ||     1
         Maw               |       |       |       |     1 |       ||     1

Table legend: (Time is in decaauts)
 A = Elapsed time spent in this place.
 B = Non-inter-level travel time spent in this place.
 C = Inter-level travel time spent in this place.
 D = Time resting spent in this place.
 E = Time spent auto-exploring this place.
 F = Levels seen in this place.
 G = Mean time per level.
                   A        B        C        D        E       F      G
               +--------+--------+--------+--------+--------+-----+--------+
         Total |  11886 |  11027 |    859 |     99 |   8732 |  19 |  625.6 |
       Dungeon |  10260 |   9603 |    657 |     93 |   7628 |  14 |  732.9 |
        Temple |    368 |    222 |    146 |      0 |    211 |   1 |  368.0 |
          Lair |    940 |    886 |     54 |      0 |    719 |   2 |  470.0 |
        Bailey |    307 |    307 |      0 |      6 |    174 |   1 |  307.0 |
      Ice Cave |      9 |      9 |      0 |      0 |      0 |   1 |    9.0 |
               +--------+--------+--------+--------+--------+-----+--------+

Top non-repeatable levels by time:
    D:13: 1186 daAuts
  Lair:1: 916 daAuts
     D:7: 880 daAuts
     D:2: 834 daAuts
     D:1: 825 daAuts
    D:10: 786 daAuts
     D:5: 763 daAuts
    D:11: 753 daAuts
     D:9: 718 daAuts
     D:3: 702 daAuts
     D:4: 657 daAuts
     D:6: 642 daAuts
     D:8: 636 daAuts
    D:12: 439 daAuts
    D:14: 432 daAuts
